 Dungeon Crawl Stone Soup version 0.18.1-50-g88ac8fd (webtiles) character file.

459540 manyhoops the Conqueror (level 24, -2/295 HPs)
             Began as an Ogre Hunter on Oct 25, 2016.
             Was a High Priest of Okawaru.
             Slain by a slime creature (14 damage)
             ... on level 5 of the Pits of Slime on Oct 26, 2016.
             The game lasted 02:38:29 (53420 turns).

manyhoops the Conqueror (Ogre Hunter)              Turns: 53420, Time: 02:38:33

Health: -2/295     AC: 10    Str: 38    XL:     24   Next: 45%
Magic:  26/29      EV:  9    Int:  8    God:    Okawaru [*****.]
Gold:   7160       SH:  2    Dex: 11    Spells: 1 memorised, 22 levels left

rFire  + + .     SeeInvis +     t - +10 dire flail of Stickiness {freeze, +Inv MR+ Dex+4 SInv}
rCold  + . .     Gourm    .     Q - +5 gold dragon armour
rNeg   . . .     Faith    .     (shield currently unavailable)
rPois  +         Spirit   .     J - +1 hat of Spite {Regen+}
rElec  .         Dismiss  .     Z - +2 cloak of Shielding {rPois rF- MR+}
rCorr  .         Reflect  +     (gloves unavailable)
SustAt .         Harm     .     (boots unavailable)
MR     ++++.     Clarity  +     y - +2 amulet of reflection
Stlth  ..........               q - ring of protection from fire
                                g - ring of protection from fire

@: mighty, heroism, finesse, corroded, very slightly contaminated, incredibly
resistant to hostile enchantments, extremely unstealthy
A: unfitting armour, antennae 1, icy blue scales 1, clarity, clumsy 1, deformed
body, dopey 1, tough skin 1, MP-powered wands
a: Heroism, Finesse, Renounce Religion, Evoke Invisibility
}: 2/15 runes: barnacled, gossamer


You were on level 5 of the Pits of Slime.
You worshipped Okawaru.
Okawaru was extremely pleased with you.
You were not hungry.

You visited 8 branches of the dungeon, and saw 46 of its levels.
You also visited: Bailey and Ice Cave.

You collected 8009 gold pieces.
You spent 849 gold pieces at shops.

Inventory:

Hand Weapons
 t - the +10 dire flail of Stickiness (weapon) {freeze, +Inv MR+ Dex+4 SInv}
   (Okawaru gifted it to you on level 13 of the Dungeon)

   It has been specially enchanted to freeze those struck by it, causing extra
   injury to most foes and up to half again as much damage against particularly
   susceptible opponents.
   It can also slow down cold-blooded creatures.
   It affects your dexterity (+4).
   It affects your resistance to hostile enchantments.
   It lets you see invisible.
   It lets you turn invisible.
Missiles
 h - 6 throwing nets
 s - 67 large rocks (quivered)
Armour
 u - a +1 cloak of poison resistance
 C - a +2 robe of magic resistance
 E - the quicksilver dragon armour of Charity {rElec MR+ rCorr Str-4}
   (Okawaru gifted it to you on level 4 of the Spider Nest)

   It affects your strength (-4).
   It insulates you from electricity.
   It affects your resistance to hostile enchantments.
   It protects you from acid and corrosion.
 J - the +1 hat of Spite (worn) {Regen+}
   (Okawaru gifted it to you on level 14 of the Dungeon)

   It increases your rate of regeneration.
 Q - a +5 gold dragon armour (worn)
 Z - the +2 cloak of Shielding (worn) {rPois rF- MR+}
   (You found it on level 11 of the Dungeon)

   It makes you vulnerable to fire.
   It protects you from poison.
   It affects your resistance to hostile enchantments.
Jewellery
 a - an uncursed ring of flight
 g - a ring of protection from fire (left hand)
 q - a ring of protection from fire (right hand)
 x - the ring of the Mage {Wiz MR++ Int+3}
   (You took it off a deep elf sorcerer on level 3 of the Elven Halls)

   [ring of wizardry]

   It improves your spell success rate.
   It affects your intelligence (+3).
   It affects your resistance to hostile enchantments.
 y - a +2 amulet of reflection (around neck)
 B - a +5 ring of slaying
 S - the ring "Raelar" {rC+ Int+4}
   (You took it off a deep elf sorcerer on level 3 of the Elven Halls)

   [ring of protection from cold]

   It affects your intelligence (+4).
   It protects you from cold.
Wands
 K - a wand of digging (3/24)
 M - a wand of disintegration (12/24)
 T - a wand of lightning (9/15)
 V - a wand of iceblast (5/15)
Scrolls
 d - 3 scrolls of holy word
 j - 3 scrolls of fear
 m - 4 scrolls of magic mapping
 v - a scroll of blinking
 w - a scroll of brand weapon
 H - 6 scrolls of immolation
 I - 23 scrolls of remove curse
 L - 3 scrolls of silence
 N - 12 scrolls of fog
 O - a scroll of enchant weapon
 P - 5 scrolls of noise
 U - 7 scrolls of recharging
 W - a scroll of enchant armour
Potions
 c - 5 potions of might
 e - 8 potions of lignification
 i - 2 potions of invisibility
 l - 19 potions of curing
 n - 3 potions of cancellation
 o - 2 potions of cure mutation
 p - 2 potions of berserk rage
 r - 6 potions of flight
 A - 3 potions of magic
 D - a potion of brilliance
 F - 5 potions of resistance
 G - 6 potions of haste
 R - 5 potions of agility
 Y - 4 potions of heal wounds
Miscellaneous
 f - a legendary deck of summoning {the Crusade, drawn: 5}
 z - a fan of gales
Comestibles
 k - 12 royal jellies


   Skills:
 O Level 27 Fighting
 - Level 14.0(19.0) Maces & Flails
 * Level 24.2(27) Throwing
 - Level 17.4(22.4) Armour
 - Level 1.9(6.9) Dodging
 - Level 0.7(5.7) Stealth
 - Level 8.7 Invocations


You had 22 spell levels left.
You knew the following spells:

 Your Spells              Type           Power        Failure   Level  Hunger
a - Corona                Hex            #......      99%         1    ##.....


Dungeon Overview and Level Annotations

Branches:
Dungeon (15/15)            Temple (0/1) D:5            Lair (8/8) D:8
 Shoals (4/4) Lair:3       Spider (4/4) Lair:3        Slime (6/6) Lair:7
    Orc (2/2) D:10            Elf (3/3) Orc:2        Vaults (4/5) D:14
  Crypt (0/3) Vaults:2     Depths (0/5) D:15

Altars:
Ashenzari
Cheibriados
Dithmenos
Elyvilon
Fedhas
Gozag
Kikubaaqudgha
Makhleb
Okawaru
Pakellas
Ru
Trog
Xom
Yredelemnul
The Shining One
Beogh
Jiyva

Shops:
D:9 }   D:10 !   Orc:1 !   Orc:2 *!([(   Elf:3 }   Shoals:1 (   Vaults:1 }
Vaults:4 *[(

Portals:
Trove: D:15 (give +6 demon whip)


Innate Abilities, Weirdness & Mutations

You are too large for most types of armour.
You have tough skin (AC +1).
You have a pair of small antennae on your head.
You are partially covered in icy blue scales (AC +1).
You possess an exceptional clarity of mind.
You are clumsy. (Dex -2)
Armour fits poorly on your strangely shaped body.
You are dopey. (Int -2)
You expend magic power (3 MP) to strengthen your wands.


Message History

Throwing (i - inventory. (,) - cycle):
s - 68 large rocks (quivered)
Press: ? - help, Shift-Dir - straight line, f/p - death ooze
Aim: a death ooze (flame, heavily damaged)
You throw a large rock. The large rock hits the death ooze!!!
You destroy the death ooze!
Okawaru accepts your kill.
The acid blob is engulfed in roaring flames.
The acid blob spits acid at you. The splash of acid hits you!
* * * LOW HITPOINT WARNING * * *
The acid burns!
* * * LOW HITPOINT WARNING * * *
The acid blob spits acid at you. The splash of acid hits you!
* * * LOW HITPOINT WARNING * * *
The acid burns!
* * * LOW HITPOINT WARNING * * *
The acid blob is engulfed in roaring flames.
You climb upwards.
The slime creature hits you!
You die...

.#.#...##..####
#...#.#.....#.#
.#.............
...............
...............
..............#
......JGJ......
......J@......#
#.#..#..J###.##
# ##.## ###


You could see an azure jelly, 3 slime creatures and an eye of draining.

Vanquished Creatures
  the Royal Jelly (Slime:6)
  Dissolution (Slime:2)
  A tentacled monstrosity (Vaults:4)
  14 acid blobs
  2 deep elf blademasters (Elf:3)
  A quicksilver dragon (Vaults:1)
  2 deep elf master archers (Elf:3)
  2 krakens
  Polyphemus (Shoals:3)
  2 sphinxes
  The ghost of Lluna the Sharpshooter, an adept CeHu of Qazlal (Shoals:4)
  Agnes (Spider:1)
  A tengu reaver (Vaults:2)
  2 storm dragons (Vaults:1)
  Roxanne (Elf:3)
  8 azure jellies
  An orc warlord (Vaults:3)
  Ilsuiw (Shoals:4)
  19 vault wardens
  8 deep elf sorcerers
  4 fire giants
  3 emperor scorpions
  5 ghost moths
  Louise (Shoals:3)
  4 deep elf elementalists (Elf:3)
  A large abomination (Elf:3)
  2 frost giants
  15 ironheart preservers
  6 very ugly things
  9 stone giants
  A salamander stormcaller (Vaults:4)
  5 deep elf demonologists
  14 deep elf annihilators
  4 spark wasps (Spider:4)
  Josephine (Lair:7)
  A merfolk javelineer (Shoals:4)
  6 deep elf death magi
  2 ettins
  5 merfolk impalers
  9 death oozes
  6 deep elf high priests (Elf:3)
  9 vault guards
  7 yaktaur captains
  11 great orbs of eyes
  4 entropy weavers
  Harold (Lair:1)
  5 hydras
  7 merfolk aquamancers
  Erolcha (D:9)
  12 ogre magi
  3 catoblepae
  14 centaur warriors
  An alligator snapping turtle (Shoals:4)
  A death knight (Vaults:4)
  3 merfolk avatars
  A vampire mage (Vaults:1)
  8 satyrs
  31 dancing weapons
  The ghost of Monkfish the Unseen, a journeyman KoBe of Trog (D:10)
  4 deep troll shamans
  A queen ant (Spider:3)
  5 orc high priests
  19 death yaks
  A shock serpent (shapeshifter) (Elf:3)
  2 deep troll earth magi
  Urug (D:10)
  21 deep elf knights
  Nergalle (Orc:1)
  A fire crab (shapeshifter) (Elf:1)
  A fire crab (Vaults:4)
  7 skeletal warriors
  4 sea snakes
  A shadow wraith (Vaults:2)
  A storm dragon skeleton (Vaults:2)
  4 unseen horrors
  3 giant orange brains
  11 deep trolls
  2 small abominations (Elf:3)
  21 deep elf archers
  A wolf spider zombie (D:15)
  2 harpies
  A lindwurm (Lair:8)
  A harpy (shapeshifter) (Vaults:3)
  A hill giant (shapeshifter) (Vaults:1)
  13 ironbrand convokers
  The ghost of Britaniac the Digger, a novice GrEE of Vehumet (Bailey)
  19 orb spiders
  6 hill giants
  72 deep elf magi
  2 necromancers
  2 orc sorcerers
  19 orc knights
  40 ugly things
  4 shining eyes
  3 wizards
  7 hornets
  2 tengu skeletons (Vaults:2)
  25 fauns
  11 griffons
  36 wolf spiders
  8 manticores
  A guardian serpent (D:15)
  12 elephants
  10 human skeletons (Vaults:2)
  5 black mambas
  3 moths of wrath
  4 ice statues (IceCv)
  11 cyclopes
  12 vault sentinels
  5 water nymphs
  2 eyes of devastation (Slime:6)
  A frost giant skeleton (Vaults:2)
  16 spiny frogs
  2 gargoyles
  2 torpor snails (Lair:8)
  8 sirens
  A hellion (Lair:6)
  4 rime drakes
  8 ice devils (IceCv)
  51 yaktaurs
  14 komodo dragons
  11 demonic crawlers
  3 freezing wraiths
  2 queen bees
  A tengu conjurer (Elf:1)
  A yaktaur skeleton (Vaults:2)
  A polar bear (Lair:8)
  24 merfolk
  10 trolls
  27 jumping spiders
  25 two-headed ogres
  A harpy skeleton (D:11)
  3 wind drakes (Shoals:4)
  9 snapping turtles
  7 boulder beetles
  118 slime creatures
  A sphinx simulacrum (Vaults:1)
  18 blink frogs
  5 air elementals
  83 redbacks
  6 wraiths
  68 yaks
  2 shadows
  3 wyverns
  A vampire (D:14)
  34 tarantellas
  14 water elementals
  A wyvern (shapeshifter) (Vaults:1)
  4 basilisks
  6 fire elementals
  3 hungry ghosts
  A human (shapeshifter) (Elf:1)
  A human simulacrum (Vaults:3)
  12 vampire mosquitoes
  16 hippogriffs
  A steam dragon (D:13)
  7 wargs
  21 soldier ants
  A deep troll zombie (Vaults:2)
  9 porcupines
  45 orc warriors
  16 water moccasins
  4 eyes of draining
  2 ice beasts
  3 sky beasts
  2 black bears (Lair:8)
  2 phantoms
  A necrophage (D:14)
  15 wolves
  3 wasps
  20 centaurs
  A boggart (Elf:1)
  58 ogres
  An orc skeleton (Vaults:2)
  15 crocodiles
  A big kobold (D:9)
  2 gnoll sergeants
  13 giant frogs
  4 earth elementals
  4 scorpions
  A wyvern skeleton (D:8)
  59 killer bees
  6 electric eels
  3 wights (D:12)
  4 howler monkeys
  2 giant frog zombies
  2 quasits
  2 draconian simulacra (IceCv)
  6 centaur zombies
  7 crimson imps
  22 orc priests
  9 hounds
  28 jellies
  7 giant frog skeletons
  6 centaur skeletons
  Crazy Yiuf (D:6)
  8 iguanas
  35 orc wizards
  19 worker ants
  A killer bee zombie (D:10)
  A spriggan simulacrum (IceCv)
  3 troll simulacra (IceCv)
  46 sheep
  A hound zombie (D:9)
  A worker ant zombie (D:6)
  51 river rats
  5 adders
  14 gnolls
  2 ogre simulacra (IceCv)
  2 naga simulacra (IceCv)
  5 shadow imps
  2 oozes
  An adder zombie (D:9)
  2 worms
  3 dart slugs
  3 giant geckos
  120 orcs
  A ball python (D:2)
  9 bats
  4 giant cockroaches
  6 goblins
  7 hobgoblins
  3 jackals (D:6)
  6 kobolds
  3 quokkas
  5 giant newts
  2 quokka zombies
  5 rats
  A butterfly (D:5)
  A crawling corpse (Elf:3)
  4 plants
  8 tentacles
2181 creatures vanquished.

Vanquished Creatures (collateral kills)
  A fungus (Lair:1)
1 creature vanquished.

Vanquished Creatures (others)
  The ghost of lorenzova the Sorcerer, an adept DECj of Vehumet (Spider:4)
  An ogre mage (Vaults:2)
  A vault sentinel (Vaults:4)
  A troll (D:9)
  2 redbacks (Spider:4)
  A tarantella (Spider:4)
  A howler monkey (D:9)
  3 orc wizards (D:9)
  An adder (D:9)
  3 orcs (D:9)
  A jackal (D:9)
  2 quokkas (D:9)
  14 fungi
  19 plants
  9 tentacles
  724 tentacle segments
784 creatures vanquished.

Grand Total: 2966 creatures vanquished

Notes
Turn   | Place    | Note
--------------------------------------------------------------
     0 | D:1      | manyhoops the Ogre Hunter began the quest for the Orb.
     0 | D:1      | Reached XP level 1. HP: 22/22 MP: 1/1
   135 | D:1      | Reached XP level 2. HP: 28/29 MP: 2/2
   403 | D:1      | Reached XP level 3. HP: 8/36 MP: 3/3
  1033 | D:2      | Found a burning altar of Makhleb.
  1043 | D:2      | Reached skill level 5 in Throwing
  1061 | D:2      | Reached XP level 4. HP: 41/44 MP: 4/4
  2013 | D:3      | Reached skill level 3 in Fighting
  2037 | D:3      | Found a basalt altar of Yredelemnul.
  2039 | D:3      | Noticed a sky beast
  2043 | D:3      | Killed a sky beast
  2043 | D:3      | Reached skill level 1 in Maces & Flails
  2043 | D:3      | Reached XP level 5. HP: 54/54 MP: 5/5
  2077 | D:3      | Found an ancient bone altar of Kikubaaqudgha.
  2251 | D:3      | Found a sacrificial altar of Ru.
  2398 | D:3      | Reached skill level 4 in Fighting
  2403 | D:3      | Reached XP level 6. HP: 12/62 MP: 6/6
  2831 | D:4      | Reached skill level 5 in Fighting
  2831 | D:4      | Reached XP level 7. HP: 51/72 MP: 7/7
  3387 | D:4      | Learned a level 1 spell: Corona
  3429 | D:4      | Reached skill level 6 in Fighting
  3584 | D:4      | Reached skill level 5 in Maces & Flails
  3584 | D:4      | Reached XP level 8. HP: 72/84 MP: 8/8
  4020 | D:5      | Entered Level 5 of the Dungeon
  4155 | D:5      | Got a fine hunting sling
  4156 | D:5      | Identified the +6 hunting sling of Magnificence {velocity, rN+} (You found it on level 5 of the Dungeon)
  4502 | D:5      | Reached skill level 7 in Fighting
  4568 | D:5      | Found a snail-covered altar of Cheibriados.
  4680 | D:5      | Found a staircase to the Ecumenical Temple.
  4721 | D:5      | Found an iron altar of Okawaru.
  5382 | D:6      | Found an oddly glowing altar of Pakellas.
  5436 | D:6      | Reached skill level 8 in Fighting
  5595 | D:6      | Found a shattered altar of Ashenzari.
  5745 | D:6      | Reached XP level 9. HP: 94/97 MP: 9/9
  5906 | D:6      | Found a glowing golden altar of the Shining One.
  5976 | D:6      | Noticed Crazy Yiuf
  5984 | D:6      | Killed Crazy Yiuf
  5989 | D:6      | Got a dazzling mace
  5990 | D:6      | Identified the cursed +0 mace "Sixyedizit" {flame, Fragile +Rage +Inv Int+3} (You found it on level 6 of the Dungeon)
  6094 | D:6      | Reached skill level 9 in Fighting
  6477 | D:5      | Became a worshipper of Warmaster Okawaru
  6828 | D:7      | HP: 1/100 [shadow imp/nerve-wracking pain (9)]
  6829 | D:7      | Identified a scroll of acquirement
  7548 | D:7      | Reached skill level 10 in Fighting
  7559 | D:7      | Noticed a two-headed ogre
  7570 | D:7      | Reached skill level 10 in Maces & Flails
  7577 | D:7      | Killed a two-headed ogre
  7577 | D:7      | Reached * piety under Okawaru
  7982 | D:7      | Found a bloodstained altar of Trog.
  7982 | D:7      | Found a blossoming altar of Fedhas.
  8291 | D:7      | Gained mutation: You are partially covered in icy blue scales (AC +1). [potion of mutation]
  8291 | D:7      | Gained mutation: You are dopey. (Int -2) [potion of mutation]
  8291 | D:7      | Gained mutation: You are weak. (Str -2) [potion of mutation]
  8292 | D:7      | Gained mutation: Your magical capacity is low (-10% MP). [potion of mutation]
  8292 | D:7      | Gained mutation: Your natural rate of healing is unusually fast. [potion of mutation]
  8292 | D:7      | Gained mutation: You can translocate small distances at will. [potion of mutation]
  8396 | D:8      | Reached XP level 10. HP: 111/111 MP: 9/9
  8531 | D:8      | Reached skill level 11 in Fighting
  8584 | D:8      | Reached ** piety under Okawaru
  8803 | D:8      | Found a staircase to the Lair.
  9691 | D:9      | Noticed a manticore
  9701 | D:9      | Killed a manticore
  9716 | D:9      | Found a white marble altar of Elyvilon.
  9836 | D:9      | Found a shimmering altar of Xom.
  9853 | D:9      | Noticed Erolcha
  9856 | D:9      | Killed Erolcha
  9856 | D:9      | Reached *** piety under Okawaru
  9945 | D:9      | Found Tatuoh's Gadget Emporium.
  9967 | D:9      | Found a shadowy altar of Dithmenos.
 10098 | D:9      | Reached **** piety under Okawaru
 10098 | D:9      | Reached skill level 12 in Fighting
 10099 | D:9      | Reached skill level 1 in Armour
 10101 | D:9      | Reached XP level 11. HP: 40/123 MP: 3/9
 10648 | D:10     | Entered Level 10 of the Dungeon
 10821 | D:10     | Noticed Monkfish's ghost (journeyman KoBe)
 10995 | D:10     | Killed Monkfish's ghost
 11018 | D:10     | Found Hamamoj's Distillery.
 11029 | D:10     | Bought a potion of heal wounds for 75 gold pieces
 11029 | D:10     | Bought a potion of heal wounds for 75 gold pieces
 11060 | D:10     | Noticed Urug
 11076 | D:10     | Killed Urug
 11357 | D:10     | Reached ***** piety under Okawaru
 11472 | D:11     | Received a gift from Okawaru
 11481 | D:11     | Reached skill level 13 in Fighting
 11639 | D:11     | Got a crude cloak
 11650 | D:11     | Identified the +2 cloak of Shielding {rPois rF- MR+} (You found it on level 11 of the Dungeon)
 11722 | D:11     | Noticed a skeletal warrior
 11725 | D:11     | Noticed a skeletal warrior
 11726 | D:11     | Noticed a skeletal warrior
 11784 | D:10     | Killed a skeletal warrior
 11827 | D:11     | Noticed a red ugly thing
 11849 | D:10     | Killed a red ugly thing
 11849 | D:10     | Reached skill level 5 in Armour
 11972 | D:11     | Received a gift from Okawaru
 12106 | D:11     | Noticed a hill giant
 12114 | D:11     | Killed a hill giant
 12114 | D:11     | Received a gift from Okawaru
 12241 | D:11     | Killed a skeletal warrior
 12241 | D:11     | Reached skill level 14 in Fighting
 12241 | D:11     | Reached XP level 12. HP: 139/139 MP: 8/11
 12718 | D:12     | Found a flagged portal.
 12973 | Bailey   | Entered a bailey
 12981 | Bailey   | Noticed Britaniac's ghost (novice GrEE)
 12997 | Bailey   | Killed Britaniac's ghost
 13099 | Bailey   | Reached skill level 15 in Fighting
 13103 | Bailey   | Reached skill level 1 in Invocations
 13346 | Bailey   | Noticed a deep elf knight
 13350 | Bailey   | Killed a deep elf knight
 13368 | Bailey   | Identified the Compendium of Ghastly Arcane Weapons
 13523 | D:12     | Noticed a four-headed hydra
 13526 | D:12     | Killed a four-headed hydra
 13616 | D:12     | Received a gift from Okawaru
 13700 | D:12     | Reached skill level 16 in Fighting
 13840 | D:12     | Gained mutation: You possess an exceptional clarity of mind. [mutagenic meat]
 14017 | D:12     | Reached XP level 13. HP: 96/154 MP: 6/12
 14563 | D:10     | Found a staircase to the Orcish Mines.
 14671 | Orc:1    | Entered Level 1 of the Orcish Mines
 14722 | Orc:1    | Found Qokaov's Distillery.
 14732 | Orc:1    | Bought a potion of curing for 39 gold pieces
 14898 | Orc:1    | Noticed Nergalle
 15057 | Orc:1    | Killed Nergalle
 15057 | Orc:1    | Reached skill level 17 in Fighting
 15232 | Orc:1    | Found a bloodstained altar of Trog.
 15355 | Orc:1    | You fall through a shaft!
 15355 | Orc:2    | Entered Level 2 of the Orcish Mines
 15355 | Orc:2    | Found a staircase to the Elven Halls.
 15560 | Orc:2    | Found Jiwuh's General Store.
 15569 | Orc:2    | Bought a scroll of blinking for 105 gold pieces
 15797 | Orc:2    | Found Voamn's Distillery.
 16390 | Orc:2    | Reached skill level 18 in Fighting
 16519 | Orc:2    | Received a gift from Okawaru
 16536 | Orc:2    | Found Ycsigen's Antique Weapon Shop.
 16637 | Orc:2    | Noticed an ettin
 16648 | Orc:2    | Killed an ettin
 16667 | Orc:2    | Received a gift from Okawaru
 16851 | Orc:2    | Found Tinnuf's Armour Emporium.
 16869 | Orc:2    | Found Aguugg's Antique Weapon Boutique.
 17152 | Lair:1   | Entered Level 1 of the Lair of Beasts
 17236 | Lair:1   | Noticed Harold
 17243 | Lair:1   | Killed Harold
 17243 | Lair:1   | Reached skill level 19 in Fighting
 17826 | Lair:1   | Reached XP level 14. HP: 163/172 MP: 13/13
 17976 | Lair:2   | Received a gift from Okawaru
 18050 | Lair:2   | Found a frozen archway.
 18063 | IceCv    | Entered an ice cave
 18670 | Lair:2   | Reached skill level 10 in Throwing
 18675 | Lair:2   | Lost mutation: You can translocate small distances at will. [potion of mutation]
 18675 | Lair:2   | Gained mutation: You expend magic power (3 MP) to strengthen your wands. [potion of mutation]
 18830 | Lair:2   | You fall through a shaft for 2 floors!
 18863 | Lair:3   | Found a hole to the Spider Nest.
 19038 | Lair:3   | Found a staircase to the Shoals.
 19753 | Lair:4   | Reached skill level 20 in Fighting
 20232 | Lair:4   | Reached ****** piety under Okawaru
 20421 | Lair:4   | Received a gift from Okawaru
 20424 | Lair:4   | Got a tattered robe {god gift}
 20435 | Lair:4   | Identified the +2 robe of Wienuij {Slay+5} (Okawaru gifted it to you on level 4 of the Lair of Beasts)
 21210 | Lair:5   | Reached skill level 5 in Invocations
 21896 | Lair:6   | Reached XP level 15. HP: 168/183 MP: 14/17
 21897 | Lair:6   | Lost mutation: You possess an exceptional clarity of mind. [potion of cure mutation]
 21897 | Lair:6   | Lost mutation: You are partially covered in icy blue scales (AC +1). [potion of cure mutation]
 21897 | Lair:6   | Lost mutation: Your magical capacity is low (-10% MP). [potion of cure mutation]
 21897 | Lair:6   | Lost mutation: Your natural rate of healing is unusually fast. [potion of cure mutation]
 21897 | Lair:6   | Lost mutation: You are weak. (Str -2) [potion of cure mutation]
 23439 | Lair:7   | Noticed Josephine
 23462 | Lair:7   | Killed Josephine
 23678 | Lair:7   | Received a gift from Okawaru
 23984 | Lair:7   | Received a gift from Okawaru
 24602 | Lair:7   | Drew Focus: Str increased to 27, Dex decreased to 9
 24657 | Lair:7   | Found a viscous altar of Jiyva.
 24657 | Lair:7   | Found a staircase to the Slime Pits.
 24848 | Lair:8   | Entered Level 8 of the Lair of Beasts
 24890 | Lair:8   | Received a gift from Okawaru
 25117 | Lair:8   | Gained mutation: You have a pair of small antennae on your head. [potion of beneficial mutation]
 26359 | Lair:8   | Reached skill level 21 in Fighting
 26383 | Lair:8   | Reached XP level 16. HP: 169/197 MP: 9/22
 26426 | Lair:8   | Gained mutation: You possess an exceptional clarity of mind. [potion of beneficial mutation]
 26897 | D:13     | Received a gift from Okawaru
 26905 | D:13     | Got a warped dire flail {god gift}
 26906 | D:13     | Identified the +10 dire flail of Stickiness {freeze, +Inv MR+ Dex+4 SInv} (Okawaru gifted it to you on level 13 of the Dungeon)
 27933 | D:14     | Found a gate to the Vaults.
 28008 | D:14     | Received a gift from Okawaru
 28011 | D:14     | Got a twisted hat {god gift}
 28017 | D:14     | Identified the +1 hat of Spite {Regen+} (Okawaru gifted it to you on level 14 of the Dungeon)
 28305 | D:15     | Entered Level 15 of the Dungeon
 28334 | D:15     | Reached skill level 22 in Fighting
 29137 | D:15     | Found a portal to a secret trove of treasure.
 29230 | D:15     | Found a staircase to the Depths.
 29564 | Orc:2    | Bought a glowing demon whip for 240 gold pieces
 29806 | Spider:1 | Entered Level 1 of the Spider Nest
 30375 | Spider:1 | Reached skill level 10 in Armour
 30503 | Spider:1 | Reached skill level 23 in Fighting
 30543 | Spider:1 | Noticed Agnes
 30552 | Spider:1 | Killed Agnes
 31449 | Spider:2 | Reached XP level 17. HP: 213/213 MP: 23/23
 32040 | Spider:3 | Received a gift from Okawaru
 32277 | Spider:3 | Received a gift from Okawaru
 32574 | Spider:3 | Received a gift from Okawaru
 33023 | Spider:4 | Entered Level 4 of the Spider Nest
 33482 | Spider:4 | Received a gift from Okawaru
 33485 | Spider:4 | Got a smelly quicksilver dragon armour {god gift}
 33504 | Spider:3 | Identified the quicksilver dragon armour of Charity {rElec MR+ rCorr Str-4} (Okawaru gifted it to you on level 4 of the Spider Nest)
 33550 | Spider:4 | Noticed lorenzova's ghost (adept DECj)
 33562 | Spider:4 | Killed lorenzova's ghost
 33757 | Spider:4 | Reached skill level 24 in Fighting
 34507 | Spider:4 | Reached XP level 18. HP: 212/226 MP: 24/24
 34656 | Spider:4 | Received a gift from Okawaru
 35062 | Spider:4 | Got a gossamer rune of Zot
 35427 | Vaults:1 | Entered Level 1 of the Vaults
 35485 | Vaults:1 | Received a gift from Okawaru
 35530 | Vaults:1 | Found Ytwaby's Gadget Shoppe.
 35797 | Vaults:1 | Noticed a quicksilver dragon
 35815 | Vaults:1 | Killed a quicksilver dragon
 36309 | Vaults:1 | Received a gift from Okawaru
 36524 | Vaults:1 | Received a gift from Okawaru
 36532 | Vaults:1 | Got a faintly glowing giant spiked club {god gift}
 36533 | Vaults:1 | Identified the +4 giant spiked club "Ylesehemn" {elec, -Tele rC+ Dex+4} (Okawaru gifted it to you on level 1 of the Vaults)
 36665 | Vaults:1 | Reached XP level 19. HP: 236/236 MP: 25/25
 36678 | Vaults:1 | Gained mutation: You are partially covered in icy blue scales (AC +1). [potion of beneficial mutation]
 36993 | Vaults:1 | Reached skill level 15 in Throwing
 37146 | Vaults:1 | Received a gift from Okawaru
 37411 | Vaults:1 | Received a gift from Okawaru
 37783 | Vaults:2 | Received a gift from Okawaru
 37945 | Vaults:2 | Received a gift from Okawaru
 38028 | Vaults:2 | Found a staircase to the Crypt.
 38135 | Vaults:2 | Received a gift from Okawaru
 38171 | Vaults:2 | Got a faintly humming robe {god gift}
 38182 | Vaults:2 | Identified the +2 robe of Noughts and Crosses {rF+ rN+ Str+3 Dex+3 Slay-6} (Okawaru gifted it to you on level 2 of the Vaults)
 38768 | Vaults:2 | Reached XP level 20. HP: 209/247 MP: 26/26
 39142 | Vaults:2 | Received a gift from Okawaru
 39537 | Vaults:3 | Received a gift from Okawaru
 39756 | Vaults:3 | Found a roughly hewn altar of Beogh.
 41039 | Vaults:3 | Received a gift from Okawaru
 41130 | Vaults:4 | Found a burning altar of Makhleb.
 41323 | Vaults:4 | Found Gozag's Antique Armour Shop.
 41379 | Vaults:4 | Reached XP level 21. HP: 100/254 MP: 21/27
 41529 | Vaults:4 | Found an opulent altar of Gozag.
 41532 | Vaults:4 | Found Gozag's Antique Weapon Boutique.
 41535 | Vaults:4 | Found Gozag's Assorted Antiques.
 42247 | Vaults:4 | Received a gift from Okawaru
 42334 | Vaults:4 | Received a gift from Okawaru
 42868 | Elf:1    | Entered Level 1 of the Elven Halls
 42894 | Elf:1    | Reached skill level 15 in Armour
 42913 | Orc:2    | Received a gift from Okawaru
 43580 | Elf:1    | Got an ancient robe
 43591 | Elf:1    | Identified the +2 robe "Qesua" {*Confuse rN+ MR+} (You found it on level 1 of the Elven Halls)
 44021 | Elf:2    | Found a runed gate.
 44021 | Elf:2    | Found a runed gate.
 44025 | Elf:2    | Found a runed gate.
 44467 | Elf:2    | Reached skill level 25 in Fighting
 44549 | Elf:2    | Reached XP level 22. HP: 267/267 MP: 28/28
 44914 | Elf:3    | Entered Level 3 of the Elven Halls
 45006 | Elf:3    | Received a gift from Okawaru
 45097 | Elf:3    | Found Urhocam's Gadget Emporium.
 45226 | Elf:3    | Reached skill level 26 in Fighting
 45429 | Elf:3    | Received a gift from Okawaru
 45654 | Elf:3    | Received a gift from Okawaru
 45774 | Elf:3    | Received a gift from Okawaru
 45774 | Elf:3    | Reached skill level 27 in Fighting
 45775 | Elf:3    | Got a twisted giant club {god gift}
 45997 | Elf:3    | Identified the +5 giant club of Rethocoph {antimagic, rF- MR+ Int+7 SInv} (Okawaru gifted it to you on level 3 of the Elven Halls)
 46461 | Elf:3    | Got a bound amber ring
 46464 | Elf:3    | Identified the ring "Raelar" {rC+ Int+4} (You took it off a deep elf sorcerer on level 3 of the Elven Halls)
 46928 | Elf:3    | Noticed Roxanne
 46940 | Elf:3    | Killed Roxanne
 47335 | Shoals:1 | Entered Level 1 of the Shoals
 47727 | Shoals:1 | Received a gift from Okawaru
 47852 | Shoals:2 | Reached XP level 23. HP: 284/284 MP: 29/29
 48324 | Shoals:3 | Received a gift from Okawaru
 48642 | Shoals:3 | Noticed Polyphemus
 48687 | Shoals:3 | Killed Polyphemus
 48976 | Shoals:4 | Entered Level 4 of the Shoals
 49286 | Shoals:4 | Noticed Ilsuiw
 49292 | Shoals:4 | Noticed Louise
 49305 | Shoals:4 | Killed Ilsuiw
 49310 | Shoals:4 | Noticed Lluna's ghost (adept CeHu)
 49423 | Shoals:3 | Killed Louise
 49452 | Shoals:4 | Killed Lluna's ghost
 49593 | Shoals:4 | Received a gift from Okawaru
 50143 | Shoals:4 | Received a gift from Okawaru
 50712 | Shoals:4 | Got a barnacled rune of Zot
 51038 | Shoals:1 | Found Guptox's Antique Weapon Shoppe.
 51054 | Shoals:1 | Bought a crude morningstar for 315 gold pieces
 51291 | D:8      | Identified the cursed +3 morningstar "Kodoodew" {vamp, rElec Str-2 Stlth+} (You bought it in a shop on level 1 of the Shoals)
 51522 | Slime:1  | Entered Level 1 of the Pits of Slime
 51958 | Slime:3  | Noticed Dissolution
 51979 | Slime:2  | Killed Dissolution
 52202 | Slime:3  | Received a gift from Okawaru
 52428 | Slime:4  | Reached XP level 24. HP: 207/294 MP: 29/29
 52790 | Slime:6  | Entered Level 6 of the Pits of Slime
 53300 | Slime:6  | Gained mutation: Armour fits poorly on your strangely shaped body. [a shining eye]
 53302 | Slime:6  | Gained mutation: You are clumsy. (Dex -2) [a shining eye]
 53382 | Slime:6  | Noticed the Royal Jelly
 53416 | Slime:6  | Killed the Royal Jelly
 53416 | Slime:6  | Received a gift from Okawaru
 53419 | Slime:6  | HP: 11/295 [acid[the Royal Jelly] (19)]
 53420 | Slime:5  | Slain by a slime creature

Skill      XL: |  1  2  3  4  5  6  7  8  9 10 11 12 13 14 15 16 17 18 19 20 21 22 23 24 |
---------------+-------------------------------------------------------------------------+-----
Throwing       | 5 6 7 8 9 11 13 14 17 20 21 23 24 | 24.2
Fighting       | 3 4 5 6 8 10 12 14 16 19 20 21 23 24 25 27 | 27.0
Maces & Flails | 1 2 3 5 8 11 13 14 | 14.0
Armour         | 1 6 8 9 10 12 14 15 16 17 | 17.4
Invocations    | 1 5 8 |  8.7
Dodging        | |  1.9
Stealth        | |  0.7

Action                   |  1- 3 |  4- 6 |  7- 9 | 10-12 | 13-15 | 16-18 | 19-21 | 22-24 || total
-------------------------+-------+-------+-------+-------+-------+-------+-------+-------++-------
Melee: Short sword       |    54 |       |       |       |       |       |       |       ||    54
       Mace              |    14 |   116 |   233 |       |       |       |       |       ||   363
       Flail             |       |       |   169 |       |       |       |       |       ||   169
       Dire flail        |       |       |     4 |   659 |  1890 |  1082 |  1495 |  1113 ||  6243
       Giant spiked club |       |       |       |    44 |       |       |    25 |       ||    69
       Giant club        |       |       |       |       |       |       |       |    42 ||    42
 Fire: Hunting sling     |       |       |    41 |    18 |    73 |       |       |       ||   132
Throw: Large rock        |     2 |    12 |    34 |    49 |   139 |   188 |   102 |   360 ||   886
       Throwing net      |       |       |     2 |     4 |       |       |       |       ||     6
       Stone             |       |       |     1 |     3 |     1 |       |       |       ||     5
       Javelin           |       |       |       |     4 |     1 |       |       |       ||     5
Invok: Heroism           |       |       |       |     7 |    15 |    17 |    17 |    10 ||    66
       Finesse           |       |       |       |       |     3 |     3 |    12 |    19 ||    37
 Abil: Evoke Flight      |       |       |       |       |       |       |       |     1 ||     1
Evoke: Wand              |       |       |       |     1 |       |       |       |       ||     1
       Deck              |       |       |       |       |     5 |     3 |       |       ||     8
  Use: Scroll            |       |     5 |     6 |     8 |    14 |    13 |     1 |    12 ||    59
       Potion            |       |       |     8 |     1 |     3 |     1 |     2 |     4 ||    19
 Stab: Sleeping          |     1 |     1 |     2 |       |       |       |       |       ||     4
       Invisible         |       |       |     1 |       |       |       |       |       ||     1
       Held in net/web   |       |       |       |     2 |       |     4 |       |       ||     6
       Distracted        |       |       |       |     1 |       |       |       |       ||     1
  Eat: Chunk             |     1 |     5 |    12 |    15 |    28 |     9 |     2 |       ||    72
       Bread ration      |       |       |     1 |     4 |       |     3 |     2 |     2 ||    12
       Royal jelly       |       |       |       |       |     4 |     2 |       |     5 ||    11
       Meat ration       |       |       |       |       |     1 |     2 |     1 |     2 ||     6
       Beef jerky        |       |       |       |       |     1 |     1 |     2 |       ||     4
       Pizza             |       |       |       |       |       |     1 |     3 |     2 ||     6
       Fruit             |       |       |       |       |       |     7 |     7 |     5 ||    19
Armor: Robe              |    27 |    80 |   155 |    33 |       |       |       |       ||   295
       Gold dragon armou |       |       |       |   321 |  1641 |  1016 |   715 |   913 ||  4606
       Skin              |       |       |       |    35 |       |       |       |       ||    35
       Quicksilver drago |       |       |       |       |       |       |       |    17 ||    17
Dodge: Dodged            |    39 |    75 |   203 |   103 |   297 |   230 |   373 |   284 ||  1604
Block: Other             |       |       |       |       |       |    69 |    60 |    57 ||   186
       Reflection        |       |       |       |       |       |       |    12 |    10 ||    22
